 Dungeon Sprint DCSS version 0.18.1-48-g4cf74bf (webtiles) character file.

1000000 Joat the Portalist (level 13, -42/111 HPs)
             Began as a Demonspawn Warper on Sept 7, 2016.
             Was a Follower of Makhleb.
             Annihilated by a meat berserker
             ... wielding a +9 battleaxe
              (50 damage)
             ... in the Dungeon (Sprint VIII: "Arena of Blood").
             The game lasted 00:00:31 (10 turns).

Joat the Portalist (Demonspawn Warper)                Turns: 10, Time: 00:00:31

Health: -42/111    AC:  5    Str: 15    XL:     13   Next: 71%
Magic:  3/31       EV: 25    Int: 17    God:    Makhleb [*.....]
Gold:   0          SH:  2    Dex: 17    Spells: 1 memorised, 39 levels left

rFire  . . .     SeeInvis .     l - +∞ Axe of Woe
rCold  . . .     Gourm    .     b - +0 leather armour
rNeg   . . .     Faith    .     (shield currently unavailable)
rPois  .         Spirit   .     (no helmet)
rElec  .         Dismiss  .     (no cloak)
rCorr  .         Reflect  .     (no gloves)
SustAt .         Harm     .     (no boots)
MR     .....     NoTele   +     (no amulet)
Stlth  ++........               (no ring)
                                (no ring)

@: agile, not resistant to hostile enchantments, unstealthy
A: hooves 2, large bone plates 1, powered by pain 1, spiny 3
a: Renounce Religion


You were in the Dungeon.
You worshipped Makhleb.
Makhleb was aware of your devotion.
You were not hungry.

You visited 1 branch

Inventory:

Hand Weapons
 a - a +0 hand axe
 l - the +∞ Axe of Woe (weapon)
   (You found it in the Dungeon)
Missiles
 e - 5 tomahawks of dispersal (quivered)
Armour
 b - a +0 leather armour (worn)
Scrolls
 d - 2 scrolls of blinking
Potions
 g - a potion of curing
 h - a potion of heal wounds
 i - a potion of haste
 j - 2 potions of magic
 k - a potion of berserk rage
Books
 c - a book of Spatial Translocations

   Spells                             Type                      Level
   a - Apportation                    Translocation                1
   b - Blink                          Translocation                2
   c - Shroud of Golubria             Charms/Translocation         2
   d - Portal Projectile              Translocation                3
   e - Teleport Other                 Translocation                3
   f - Passage of Golubria            Translocation                4
Comestibles
 f - a bread ration


   Skills:
 + Level 13.3 Fighting
 + Level 12.4 Axes
 + Level 5.1 Throwing
 + Level 3.4 Armour
 + Level 12.0 Dodging
 + Level 14.0 Spellcasting
 + Level 21.8 Translocations


You had 39 spell levels left.
You knew the following spells:

 Your Spells              Type           Power        Failure   Level  Hunger
a - Apportation           Tloc           ######....   0%          1    None


Dungeon Overview and Level Annotations

Branches:
Dungeon (1/1)

Altars:
Makhleb


Innate Abilities, Weirdness & Mutations

You have hoof-like feet.
You are partially covered in large bone plates (AC +2, SH +2).
You sometimes gain a little power by taking damage.
You are completely covered in sharp spines.


Message History

You kill the meat berserker!
Makhleb accepts your kill.
You can now gain health from killing.
Your Fighting skill gained 3 levels and is now at level 13!
Your Axes skill gained 2 levels and is now at level 12!
Your Throwing skill gained 2 levels and is now at level 5!
Your Armour skill increases to level 3!
Your Dodging skill gained 3 levels and is now at level 12!
Your Spellcasting skill gained 3 levels and is now at level 14!
Your Translocations skill gained 4 levels and is now at level 21!
You have reached level 12!
Your experience leads to an increase in your attributes!
Your base attributes are Str 14, Int 16, Dex 12.
Increase (S)trength, (I)ntelligence, or (D)exterity?
You feel stronger.
You feel clever.
Your demonic ancestry asserts itself...
Sharp spines emerge from your entire body.
You have reached level 13!
You hear a shout! x8
The meat berserker is struck by your spines.
The meat berserker hits you with a +9 battleaxe!!!
You die...

.. ..... #. ...#
#.. ...# . .###..
...###..
......###.......
......._.o......
....#.....#.... .
#_.<._# . #....@#
....._.OoO.....
......###o.......
.###.. ...###...
#.. ...# .. #..
...O# .. .....
......


You could see 3 meat berserkers and 3 bags of meat.

Vanquished Creatures
  An ogre (D)
  An orc (D)
2 creatures vanquished.

Notes
Turn   | Place    | Note
--------------------------------------------------------------
     0 | D        | Joat the Demonspawn Warper began the quest for the Orb.
     0 | D        | Reached XP level 1. HP: 16/16 MP: 3/3
     4 | D        | Became a worshipper of Makhleb the Destroyer
     5 | D        | Noticed a bag of meat
     5 | D        | Noticed a bag of meat
     6 | D        | Noticed a bag of meat
     6 | D        | Noticed a bag of meat
     6 | D        | Noticed a bag of meat
     7 | D        | Noticed a meat berserker
     7 | D        | Noticed a meat berserker
     8 | D        | Noticed a meat berserker
     9 | D        | Noticed a bag of meat
     9 | D        | Killed a bag of meat
     9 | D        | Reached skill level 10 in Fighting
     9 | D        | Reached skill level 10 in Axes
     9 | D        | Reached skill level 17 in Translocations
     9 | D        | Gained mutation: You are partially covered in sharp spines. [demonic ancestry]
     9 | D        | Reached XP level 2. HP: 36/36 MP: 3/14
     9 | D        | Gained mutation: You have large cloven feet. [demonic ancestry]
     9 | D        | Reached XP level 3. HP: 42/42 MP: 3/15
     9 | D        | Reached XP level 4. HP: 49/49 MP: 3/17
     9 | D        | Reached XP level 5. HP: 54/54 MP: 3/18
     9 | D        | Gained mutation: You sometimes gain a little power by taking damage. [demonic ancestry]
     9 | D        | Reached XP level 6. HP: 61/61 MP: 3/20
     9 | D        | Gained mutation: You have hoof-like feet. [demonic ancestry]
     9 | D        | Reached XP level 7. HP: 67/67 MP: 3/21
     9 | D        | Gained mutation: You are partially covered in large bone plates (AC +2, SH +2). [demonic ancestry]
     9 | D        | Reached XP level 8. HP: 74/74 MP: 3/23
     9 | D        | Reached XP level 9. HP: 79/79 MP: 3/24
     9 | D        | Gained mutation: You are mostly covered in sharp spines. [demonic ancestry]
     9 | D        | Reached XP level 10. HP: 86/86 MP: 3/25
     9 | D        | Reached XP level 11. HP: 92/92 MP: 3/26
    10 | D        | Noticed a meat berserker
    10 | D        | Killed a meat berserker
    10 | D        | Reached * piety under Makhleb
    10 | D        | Reached skill level 5 in Throwing
    10 | D        | Reached skill level 21 in Translocations
    10 | D        | Gained mutation: You are completely covered in sharp spines. [demonic ancestry]
    10 | D        | Reached XP level 12. HP: 7/105 MP: 3/30
    10 | D        | Reached XP level 13. HP: 8/111 MP: 3/31
    10 | D        | Annihilated by a meat berserker

Skill      XL: |  1  2  3  4  5  6  7  8  9 10 11 |
---------------+----------------------------------+-----
Fighting       | 10 13 | 13.3
Axes           | 10 12 | 12.4
Throwing       | 3 5 |  5.1
Armour         | 2 3 |  3.4
Dodging        | 9 12 | 12.0
Spellcasting   | 11 14 | 14.0
Translocations | 17 21 | 21.8

Action                   |  1- 3 |  4- 6 |  7- 9 | 10-12 | 13-15 || total
-------------------------+-------+-------+-------+-------+-------++-------
Melee: Executioner's axe |     1 |       |       |     1 |       ||     2
